 Dungeon Crawl Stone Soup version 0.17.0-26-gececa24 (console) character file.

1890 Kloppie the Spear-Bearer (level 8, -1/63 HPs)
             Began as a Centaur Fighter on Nov 19, 2015.
             Killed by divine providence
             ... invoked by an orc priest
              (14 damage)
             ... on level 7 of the Dungeon.
             The game lasted 00:14:53 (6317 turns).

Kloppie the Spear-Bearer (Centaur Fighter)          Turns: 6317, Time: 00:14:53

Health: -1/63      AC:  8    Str: 26    XL:     8   Next: 92%
Magic:  8/8        EV:  4    Int:  7    God:
Gold:   309        SH:  9    Dex: 12    Spells: 0 memorised, 7 levels left

rFire  . . .     SeeInvis .     a - +0 trident
rCold  . . .     Clarity  .     B - +0 chain mail
rNeg   . . .     SustAt   .     c - +0 shield
rPois  .         Gourm    .     x - +0 helmet
rElec  .         Spirit   .     (no cloak)
rCorr  .         Warding  .     (no gloves)
rMut   .         Stasis   .     (no barding)
MR     .....                    (no amulet)
Stlth  ..........               q - ring of wizardry
                                E - +3 ring of strength

@: mighty, lethally poisoned (-1 -> -5), very quick, not resistant to hostile
enchantments, extremely unstealthy
A: hooves 3, deformed body, speed 2, tough skin 3
a: no special abilities


You were on level 7 of the Dungeon.
You were not hungry.

You visited 1 branch of the dungeon, and saw 7 of its levels.

You collected 309 gold pieces.

Inventory:

Hand Weapons
 a - a +0 trident (weapon)
Armour
 b - a +0 scale mail
 c - a +0 shield (worn)
 x - a +0 helmet (worn)
 B - a +0 chain mail (worn)
Jewellery
 f - an uncursed ring of fire
 q - a ring of wizardry (right hand)
 E - a +3 ring of strength (left hand)
Scrolls
 l - a scroll of torment {unknown}
 m - a scroll of remove curse
 p - 2 scrolls of recharging
 t - a scroll of identify
 C - a scroll of random uselessness {unknown}
Potions
 d - a potion of might
 h - a potion of haste
 i - a potion of brilliance
 n - 2 potions of berserk rage {unknown}
 o - a potion of poison {unknown}
 s - 4 potions of flight
 w - 2 potions of heal wounds {unknown}
Books
 j - a Young Poisoner's Handbook

   Spells                             Type                      Level
   a - Sting                          Conjuration/Poison           1
   b - Cure Poison                    Poison                       2
   c - Mephitic Cloud                 Conjuration/Poison/Air       3
   d - Olgreb's Toxic Radiance        Poison                       4
   e - Venom Bolt                     Conjuration/Poison           5
 v - an Akashic Record

   Spells                             Type                      Level
   a - Dispersal                      Translocation                6
   b - Malign Gateway                 Summoning/Translocation      7
   c - Disjunction                    Translocation                8
   d - Controlled Blink               Translocation                8
 y - a book of the Dragon

   Spells                             Type                      Level
   a - Flame Tongue                   Conjuration/Fire             1
   b - Cause Fear                     Hexes                        4
   c - Bolt of Fire                   Conjuration/Fire             6
   d - Dragon Form                    Transmutation                7
   e - Dragon's Call                  Summoning                    9
 z - a book of Changes

   Spells                             Type                      Level
   a - Beastly Appendage              Transmutation                1
   b - Sticks to Snakes               Transmutation                2
   c - Spider Form                    Transmutation/Poison         3
   d - Ice Form                       Ice/Transmutation            4
   e - Blade Hands                    Transmutation                5
Comestibles
 e - 6 bread rations
 k - 4 meat rations
 r - 3 fruits
 u - 2 slices of pizza
 A - 2 beef jerkies
 D - 6 chunks of flesh


   Skills:
 - Level 3.0 Fighting
 + Level 10.7 Polearms
 - Level 2.1 Armour
 - Level 2.1 Shields


You had 7 spell levels left.
You didn't know any spells.

Dungeon Overview and Level Annotations

Branches:
Dungeon (7/15)             Temple (0/1) D:6

Altars:
Ashenzari
Gozag
Kikubaaqudgha
Nemelex Xobeh
Trog
Vehumet

Annotations:
D:2 1 exclusion
D:4 Gargoyl's ghost, amateur DsAK
D:5 Dowan


Innate Abilities, Weirdness & Mutations

You have hooves in place of feet.
Armour fits poorly on your strangely shaped body.
You cover ground very quickly.
You have extremely tough skin (AC +3).


Message History

Your shield and chain mail prevent you from hitting the killer bee.
Your kick misses the killer bee.
The killer bee is heavily wounded.
The killer bee stings you.
* * * LOW HITPOINT WARNING * * *
Drink which item? (? for menu, Esc to quit)
You feel better. You block the killer bee's attack.
The killer bee closely misses you.
Drink which item? (? for menu, Esc to quit)
You feel better. You block the killer bee's attack.
The killer bee stings you but does no damage.
You miss the killer bee. Your kick misses the killer bee.
The killer bee is heavily wounded.
The killer bee stings you!
* * * LOW HITPOINT WARNING * * *
You are poisoned.
The killer bee poisons you!
The orc priest mumbles some strange prayers to Beogh against you.
Something smites you!
You die...

# ##################
####
..##.........))..####...
#.##.###########......##
######
#.##...@yyoo..o)......#
##...#
#.##.################.##
...#.# ##.##.# #...
##.#.####...#.# #.##
...#..........# #.#
#######.#...#.# #.#
...#.)..##.##.# #..
##)#..#†......# ##
##)#..#.......#


You could see 2 killer bees, an orc priest and 2 orcs.

Vanquished Creatures
  2 sky beasts (D:7)
  2 orc warriors (D:6)
  2 centaurs
  5 ogres
  A scorpion (D:6)
  3 wights (D:6)
  A quasit (D:4)
  3 crimson imps (D:6)
  A killer bee (D:7)
  A giant frog zombie (D:5)
  2 centaur zombies
  A jelly (D:6)
  4 orc wizards
  2 orc priests (D:6)
  A hound (D:5)
  An iguana (D:5)
  A centaur skeleton (D:6)
  A hound skeleton (D:5)
  A worker ant zombie (D:6)
  3 gnolls (D:7)
  7 adders
  An ooze (D:6)
  4 worms (D:2)
  15 orcs
  5 bats
  4 giant cockroaches (D:1)
  6 hobgoblins
  7 jackals (D:3)
  4 kobolds
  3 quokkas
  7 giant geckos
  2 giant newts (D:1)
  5 goblins
  15 rats
123 creatures vanquished.

Notes
Turn   | Place    | Note
--------------------------------------------------------------
     0 | D:1      | Kloppie the Centaur Fighter began the quest for the Orb.
     0 | D:1      | Reached XP level 1. HP: 19/19 MP: 1/1
   179 | D:1      | Reached XP level 2. HP: 26/26 MP: 2/2
   629 | D:2      | Reached XP level 3. HP: 27/31 MP: 3/3
   665 | D:2      | Found an ancient bone altar of Kikubaaqudgha.
   773 | D:2      | Found an opulent altar of Gozag.
   891 | D:2      | Noticed a moth of wrath
   894 | D:2      | Found a bloodstained altar of Trog.
  1551 | D:3      | Found a shattered altar of Ashenzari.
  1558 | D:3      | Found a radiant altar of Vehumet.
  1570 | D:3      | Reached XP level 4. HP: 24/38 MP: 4/4
  1689 | D:3      | Found a sparkling altar of Nemelex Xobeh.
  1734 | D:3      | Reached skill level 4 in Polearms
  2378 | D:4      | Noticed an ogre
  2410 | D:4      | Killed an ogre
  2410 | D:4      | Reached skill level 5 in Polearms
  2410 | D:4      | Reached XP level 5. HP: 31/45 MP: 5/5
  2522 | D:4      | You fall through a shaft for 2 floors!
  2537 | D:5      | Entered Level 5 of the Dungeon
  2997 | D:4      | Noticed Gargoyl's ghost (amateur DsAK)
  3304 | D:5      | Reached XP level 6. HP: 32/51 MP: 6/6
  3310 | D:5      | Reached skill level 6 in Polearms
  3348 | D:5      | Noticed a sky beast
  3773 | D:5      | Noticed a centaur
  4053 | D:6      | Reached skill level 7 in Polearms
  4053 | D:6      | Reached XP level 7. HP: 42/57 MP: 7/7
  4146 | D:6      | Noticed a centaur
  4155 | D:6      | Killed a centaur
  4351 | D:6      | Noticed an ogre
  4353 | D:6      | Reached skill level 8 in Polearms
  4395 | D:6      | Killed an ogre
  4427 | D:5      | Killed a centaur
  4446 | D:5      | Noticed Dowan
  4740 | D:6      | Reached XP level 8. HP: 44/63 MP: 8/8
  4812 | D:6      | Found a staircase to the Ecumenical Temple.
  4893 | D:6      | Noticed an ogre
  4894 | D:6      | Noticed an orc warrior
  4929 | D:6      | Killed an ogre
  4929 | D:6      | Reached skill level 9 in Polearms
  5004 | D:6      | Noticed an orc warrior
  5273 | D:6      | Killed an orc warrior
  5664 | D:6      | Killed an orc warrior
  5886 | D:6      | Reached skill level 10 in Polearms
  6317 | D:7      | Killed from afar by an orc priest

Action                   |  1- 3 |  4- 6 |  7- 9 || total
-------------------------+-------+-------+-------++-------
Melee: Trident           |   169 |   159 |   350 ||   678
  Use: Scroll            |       |    11 |       ||    11
       Potion            |       |       |     6 ||     6
  Eat: Chunk             |     1 |     6 |     7 ||    14
       Beef jerky        |       |     1 |       ||     1
